 Dungeon Crawl Stone Soup version 0.29.1-15-g9cfb28693d (webtiles) character file.

Game seed: 8104908301151139611

114896 LabCoat the Severer (level 16, -2/149 HPs)
             Began as a Hill Orc Fighter on Mar 12, 2023.
             Was the Champion of Okawaru.
             Killed from afar by a will-o-the-wisp (7 damage)
             ... with a foxfire
             ... on level 1 of the Swamp.
             The game lasted 01:38:51 (27200 turns).

LabCoat the Severer (Hill Orc Fighter)             Turns: 27200, Time: 01:38:52

Health: -2/149     AC: 34    Str: 27    XL:     16   Next: 67%
Magic:  27/27      EV: 10    Int:  8    God:    Okawaru [******]
Gold:   3422       SH: 13    Dex: 16    Spells: 15/15 levels left

rFire   + + .      SeeInvis +   X - +1 broad axe (elec)
rCold   + . .      Faith    .   c - +1 kite shield {rC+}
rNeg    . . .      Spirit   .   s - +8 plate armour "Neolunel" {Slay+2}
rPois   +          Reflect  .   G - +1 helmet {SInv}
rElec   .          Harm     .   P - +2 cloak {Will+}
rCorr   .          Rampage  .   R - +0 pair of gloves
Will    +++..                   n - +0 pair of boots
Stlth   ..........              S - amulet of regeneration
HPRegen 1.14/turn               q - ring of poison resistance
MPRegen 0.20/turn               U - ring "Muote" {rF++ Will+ Dex+6}

@: studying Long Blades
A: no striking features
a: Renounce Religion, Heroism, Finesse, Duel


You were on level 1 of the Swamp.
You worshipped Okawaru.
Okawaru was exalted by your worship.
You visited 5 branches of the dungeon, and saw 24 of its levels.
You also visited: Ice Cave and Volcano.

You collected 4253 gold pieces.
You spent 831 gold pieces at shops.

Inventory:

Hand Weapons
 b - a +3 vampiric battleaxe
 r - a +1 battleaxe of flaming
 E - a +0 demon whip of venom
 J - the +1 executioner's axe "Difaopt" {venom, +Blink rF- rCorr}
   (Okawaru gifted it to you on level 15 of the Dungeon)

   It poisons the flesh of those it strikes.
   rF:        It makes you vulnerable to fire.
   +Blink:    It lets you blink.
   rCorr:     It protects you from acid and corrosion.
 X - a +1 broad axe of electrocution (weapon)
Missiles
 o - 6 javelins
 w - 3 boomerangs of dispersal
 y - 10 boomerangs (quivered)
 K - 4 curare-tipped darts
 Z - 2 silver javelins
Armour
 c - a +1 kite shield of cold resistance (worn)
 n - a +0 pair of boots (worn)
 s - the +8 plate armour "Neolunel" (worn) {Slay+2}
   (You found it on level 5 of the Dungeon)

   Slay:      It affects your accuracy & damage with ranged weapons and melee
   (+2).
 G - a +1 helmet of see invisible (worn)
 P - a +2 cloak of willpower (worn)
 R - a +0 pair of gloves (worn)
Jewellery
 e - a ring of flight
 p - a ring of protection from cold
 q - a ring of poison resistance (left hand)
 C - a ring of resist corrosion
 S - an amulet of regeneration (around neck)
 U - the ring "Muote" (right hand) {rF++ Will+ Dex+6}
   (You acquired it on level 1 of the Lair of Beasts)

   [ring of dexterity]

   Dex:       It affects your dexterity (+6).
   rF:        It greatly protects you from fire.
   Will:      It increases your willpower.
 V - a ring of protection from fire
Wands
 i - a wand of roots (25)
 l - a wand of light (5)
 t - a wand of flame (46)
 N - a wand of paralysis (8)
Scrolls
 h - 6 scrolls of noise
 m - a scroll of brand weapon
 v - 3 scrolls of enchant armour
 x - a scroll of enchant weapon
 z - a scroll of blinking
 A - a scroll of fear
 D - 2 scrolls of fog
 F - a scroll of magic mapping
 I - 4 scrolls of amnesia
 M - 3 scrolls of teleportation
Potions
 a - a potion of flight
 d - 3 potions of might
 f - 4 potions of haste
 g - 3 potions of resistance
 j - 9 potions of curing
 k - 3 potions of cancellation
 u - 2 potions of ambrosia
 B - 6 potions of mutation
 L - a potion of invisibility
 O - 5 potions of magic
 T - 2 potions of heal wounds
 Y - 3 potions of berserk rage
Miscellaneous
 H - a condenser vane
 W - a lightning rod (3/4)


   Skills:
 * Level 15.0 Fighting
 * Level 15.8 Axes
 + Level 8.1 Throwing
 + Level 15.1 Armour
 + Level 7.8 Dodging
 * Level 11.8 Shields
 * Level 15.7 Invocations
 + Level 8.8 Evocations


You had 15 spell levels left.
You didn't know any spells.
Your spell library contained the following spells:

 Spells                   Type           Power      Damage    Failure   Level
 Beastly Appendage        Tmut           0%         N/A       99%         1
 Freeze                   Ice            0%         1d3       99%         1
 Shock                    Conj/Air       0%         1d3       99%         1
 Ensorcelled Hibernation  Hex/Ice        0%         N/A       100%        2
 Static Discharge         Conj/Air       0%         3-3/arc   100%        2
 Dazzling Flash           Conj/Hex       0%         N/A       100%        3
 Frozen Ramparts          Ice            0%         1d1       100%        3
 Gell's Gravitas          Tloc           0%         N/A       100%        3
 Spider Form              Tmut/Pois      0%         N/A       100%        3
 Stone Arrow              Conj/Erth      0%         3d7       100%        3
 Swiftness                Air            0%         N/A       100%        3
 Teleport Other           Tloc           0%         N/A       100%        3
 Airstrike                Air            0%         2d(0-16)  100%        4
 Anguish                  Hex/Necr       0%         N/A       100%        4
 Dispel Undead            Necr           0%         3d6       100%        4
 Fulminant Prism          Conj/Hex       0%         3d6       100%        4
 Hailstorm                Conj/Ice       0%         3d3       100%        4
 Ice Form                 Ice/Tmut       0%         N/A       100%        4
 Iskenderun's Mystic Bla  Conj/Tloc      0%         2d3       100%        4
 Leda's Liquefaction      Hex/Erth       0%         N/A       100%        4
 Sticky Flame             Conj/Fire      0%         2d3       100%        4
 Alistair's Intoxication  Tmut/Pois      0%         N/A       100%        5
 Borgnjor's Vile Clutch   Necr/Erth      0%         N/A       100%        5
 Iskenderun's Battlesphe  Conj           0%         2d6       100%        5
 Lee's Rapid Deconstruct  Erth           0%         3d5*      100%        5
 Dispersal                Tloc           0%         N/A       100%        6
 Eringya's Noxious Bog    Tmut/Pois      0%         N/A       100%        6
 Iron Shot                Conj/Erth      0%         9d1       100%        6
 Starburst                Conj/Fire      0%         6d3       100%        6
 Statue Form              Tmut/Erth      0%         N/A       100%        6
 Lehudib's Crystal Spear  Conj/Erth      0%         10d2      100%        8
 Necromutation            Tmut/Necr      0%         N/A       100%        8
 Animate Armour           Summ/Erth      Unusable   N/A       N/A         4
 Simulacrum               Ice/Necr       Unusable   N/A       N/A         6
 Spellforged Servitor     Conj/Summ      Unusable   N/A       N/A         7

Dungeon Overview and Level Annotations

Branches:
Dungeon (15/15)            Temple (1/1) D:7            Lair (5/5) D:10
  Swamp (1/4) Lair:2        Snake (0/4) Lair:3        Slime (0/5) Lair:5
    Orc (2/2) D:12            Elf (0/3) Orc:2        Vaults (0/5) D:14
 Depths (0/4) D:15          IceCv (visited)         Volcano (visited)

Altars:
Ashenzari
Cheibriados
Dithmenos
Elyvilon
Fedhas
Gozag
Hepliaklqana
Kikubaaqudgha
Makhleb
Nemelex Xobeh
Okawaru
Qazlal
Ru
Sif Muna
Trog
Uskayaw
Vehumet
Wu Jian
Xom
Yredelemnul
Zin
The Shining One
Jiyva

Shops:
D:1 [   D:3 !   D:9 [   D:14 =   Orc:1 :   Orc:2 [*(=

Portals:
Trove: D:12 (give +4 ice dragon scales)

Annotations:
D:3 2 runed translucent doors, NimIero's ghost, amateur VSFi
D:9 2 runed translucent doors
D:15 1 runed translucent door, Xiestris's ghost, journeyman DsGl
Lair:5 1 runed translucent door


Message History

You closely miss the foxfire.
The foxfire hits you but does no damage.
The foxfire hits you!
The will-o-the-wisp gestures.
The will-o-the-wisp conjures some foxfire! 2 foxfires come into view.
You hit the eleionoma.
Lightning courses through the eleionoma!
The eleionoma is severely wounded.
The eleionoma hits you but does no damage.
The foxfire hits you!!
* * * LOW HITPOINT WARNING * * *
Unknown command.
You feel much better. The foxfire hits you!
The eleionoma hits you but does no damage.
The will-o-the-wisp gestures.
The will-o-the-wisp conjures some foxfire! 2 foxfires come into view.
You slice the eleionoma!!
You kill the eleionoma!
Okawaru accepts your kill.
An eleionoma bone magically twists into a wand of paralysis (6).
The foxfire hits you.
* * * LOW HITPOINT WARNING * * *
The will-o-the-wisp gestures.
The will-o-the-wisp conjures some foxfire! 2 foxfires come into view.
Okay, then.
You're wearing all the rings you can.
Remove which one? (? for menu, Esc to cancel) < or
q - a ring of poison resistance; > or
e - a ring of flight You remove your ring of flight.
You float gracefully downwards.
The foxfire hits you!
* * * LOW HITPOINT WARNING * * *
The foxfire hits you!!
* * * LOW HITPOINT WARNING * * *
You feel agile.
U - the ring "Muote" (right hand) {rF++ Will+ Dex+6} The foxfire hits you!
You resist.
You die...

...♣.~ ♣♣.~♣.~~~~.♣
....~~~♣♣~....~~~~.†
...~~♣♣~...........
../.♣♣♣~~..~~♣♣~~~ #...
♣.~~...~♣♣♣♣ # #..♣
♣♣♣~.~~..♣♣♣ #. #..♣♣♣♣
♣~~~~~.♣♣. . ..
#...♣~♣♣♣~~§†~♣~.~
#..#.#@v§§§~..♣....).~~
#....÷..§.v..~..♣♣♣♣♣.~~
......#..§§~~~.♣♣ ♣♣~~~~
#.....#.....~~.♣♣♣♣~.~~~
##..# #........♣~.[♣♣.~~
.... .....~♣♣♣♣~.~~~♣.~~
... ...~~.♣♣♣♣♣♣.~~~.~~~
~~ .♣....~~.~.~.§~~~~~~~
♣♣♣♣>~~..~~..~~~~~~~


You could see a will-o-the-wisp.

Vanquished Creatures
  Gastronok (D:10)
  Agnes (D:15)
  Roxanne (D:15)
  A frost giant (IceCv)
  An orc warlord (Orc:2)
  A stone giant (D:15)
  2 eleionomae (Swamp:1)
  A bunyip (Swamp:1)
  Snorg (D:12)
  Josephine (D:14)
  3 vault guards (D:14)
  An ogre mage (D:15)
  Fannar (Orc:1)
  A ghost crab (Swamp:1)
  5 hydras
  5 catoblepae
  4 boulder beetles
  7 two-headed ogres
  A centaur warrior (D:15)
  2 alligators (Swamp:1)
  3 tengu warriors (D:15)
  20 death yaks
  4 orc high priests (Orc:2)
  A sun demon (D:14)
  Amaemon (D:9)
  7 skeletal warriors
  A bog body (Swamp:1)
  2 wizards (D:14)
  3 orc knights (Orc:2)
  2 swamp dragons (Swamp:1)
  2 lindwurms (Volcano)
  2 deep elf pyromancers
  2 necromancers
  3 orc sorcerers (Orc:2)
  An oklob plant (Lair:3)
  2 cyclopes (D:13)
  5 manticores
  12 elephants
  An ice statue (IceCv)
  2 toenail golems (Volcano)
  3 black mambas
  A molten gargoyle (Volcano)
  12 cane toads
  Joseph (D:7)
  An orange demon (D:9)
  3 gargoyles
  Psyche (D:9)
  3 rime drakes
  5 komodo dragons
  5 efreet
  A tengu conjurer (D:15)
  A freezing wraith (D:14)
  4 kobold demonologists
  3 meliai (D:14)
  An ice devil (D:14)
  2 trolls
  9 polar bears
  9 slime creatures
  A bloated husk (Swamp:1)
  2 hornets
  8 blink frogs
  Sigmund (D:3)
  A spriggan (Swamp:1)
  2 shadows
  5 wyverns
  67 yaks
  5 wraiths
  5 fire elementals (Volcano)
  18 humans (D:14)
  2 steam dragons
  7 basilisks
  11 vampire mosquitoes
  2 nagas (Lair:3)
  5 swamp worms (Swamp:1)
  8 wargs
  An acid dragon (D:13)
  Duvessa (D:7)
  19 water moccasins
  4 black bears
  20 orc warriors
  A sky beast (D:7)
  4 ogres
  34 wolves
  5 centaurs
  2 phantoms
  7 kobold brigands
  13 bullfrogs
  A necrophage (D:6)
  3 earth elementals (Volcano)
  A gnoll sergeant (D:11)
  4 scorpions
  18 wights
  Dowan (D:7)
  7 electric eels
  10 killer bees
  10 howler monkeys
  4 crimson imps (D:14)
  8 jellies
  A lava snake (Lair:4)
  6 hounds (D:5)
  14 orc priests
  3 iguanas
  32 orc wizards
  6 hell rats (Lair:4)
  3 yak simulacra (Lair:5)
  A polar bear simulacrum (Lair:5)
  2 wolf simulacra (Lair:5)
  8 gnolls
  7 adders
  A shadow imp (D:5)
  16 white imps
  An ufetubus (D:6)
  6 worms
  5 dart slugs
  93 orcs
  5 bats
  23 endoplasms
  2 giant cockroaches (D:4)
  8 goblins
  4 hobgoblins
  7 jackals
  6 quokkas
  9 ball pythons
  A frilled lizard (D:2)
  35 kobolds
  2 rats
  5 river rat simulacra (Lair:5)
822 creatures vanquished.

Vanquished Creatures (others)
  A troll (D:11)
  A bloated husk (Swamp:1)
  A swamp worm (Swamp:1)
  A swamp drake (Swamp:1)
  2 fire vortices (Volcano)
  15 foxfires (Swamp:1)
  29 fungi
  25 plants
75 creatures vanquished.

Grand Total: 897 creatures vanquished

Notes
Turn   | Place    | Note
-------+----------+-------------------------------------------
     0 | D:1      | LabCoat the Hill Orc Fighter began the quest for the Orb.
     0 | D:1      | Reached XP level 1. HP: 19/19 MP: 1/1
   240 | D:1      | Reached XP level 2. HP: 27/27 MP: 2/2
   256 | D:1      | Found Hurphothi's Antique Armour Emporium.
   677 | D:1      | Reached skill level 1 in Invocations
   921 | D:2      | Reached XP level 3. HP: 33/33 MP: 3/3
  1842 | D:2      | Identified a scroll of acquirement
  1842 | D:2      | Acquired a manual of Armour
  2312 | D:3      | Reached XP level 4. HP: 40/40 MP: 5/5
  2387 | D:3      | Reached skill level 1 in Evocations
  2703 | D:3      | Noticed Sigmund
  2709 | D:3      | Killed Sigmund
  2710 | D:3      | Reached skill level 1 in Throwing
  2710 | D:3      | Reached XP level 5. HP: 47/47 MP: 5/7
  2710 | D:3      | Reached XP level 6. HP: 53/53 MP: 5/8
  3067 | D:3      | Found Juafil's Distillery.
  3177 | D:3      | Found a faded altar of an unknown god.
  3226 | D:3      | Found a large runed translucent door.
  3226 | D:3      | Found a large runed translucent door.
  3230 | D:3      | Noticed NimIero's ghost (amateur VSFi)
  3516 | D:1      | Bought a faintly humming chain mail for 152 gold pieces
  3516 | D:1      | Identified the +6 chain mail of the Minstrel {Harm Int-3
                  | Dex+5 Stlth+} (You bought it in a shop on level 1 of the
                  | Dungeon)
  3598 | D:4      | Reached skill level 1 in Dodging
  3727 | D:4      | Reached skill level 5 in Armour
  3755 | D:4      | Reached skill level 5 in Fighting
  3827 | D:4      | Reached XP level 7. HP: 41/61 MP: 9/9
  4316 | D:5      | Entered Level 5 of the Dungeon
  4875 | D:5      | Noticed a yak
  4875 | D:5      | Noticed a yak
  4876 | D:5      | Noticed a yak
  4916 | D:5      | Reached skill level 5 in Axes
  5206 | D:5      | Reached XP level 8. HP: 70/70 MP: 11/11
  5260 | D:5      | Reached skill level 5 in Invocations
  5263 | D:5      | Identified the +8 plate armour "Neolunel" {Slay+2}
  5552 | D:5      | Killed a yak
  5554 | D:5      | Killed a yak
  5555 | D:5      | Killed a yak
  5828 | D:5      | Reached XP level 9. HP: 71/78 MP: 13/13
  6478 | D:6      | Reached skill level 5 in Shields
  6851 | D:6      | Noticed a hornet
  6864 | D:6      | Killed a hornet
  7538 | D:7      | Noticed Duvessa
  7540 | D:7      | Noticed Dowan
  7546 | D:7      | Killed Duvessa
  7548 | D:7      | Killed Dowan
  7621 | D:7      | Reached XP level 10. HP: 88/88 MP: 15/15
  7765 | D:7      | Found an iron altar of Okawaru.
  7859 | D:7      | Became a worshipper of Warmaster Okawaru
  8114 | D:7      | Noticed Joseph
  8123 | D:7      | Killed Joseph
  8378 | D:7      | Found a staircase to the Ecumenical Temple.
  8400 | D:7      | Noticed a deep elf pyromancer
  8409 | D:7      | Killed a deep elf pyromancer
  8409 | D:7      | Reached * piety under Okawaru
  8410 | D:7      | Reached skill level 10 in Armour
  8642 | Temple   | Entered the Ecumenical Temple
  9381 | D:8      | Reached ** piety under Okawaru
  9599 | D:8      | Reached XP level 11. HP: 89/95 MP: 17/17
  9902 | D:9      | Noticed Psyche
  9922 | D:9      | Killed Psyche
 10059 | D:9      | Noticed Amaemon
 10079 | D:9      | Killed Amaemon
 10381 | D:9      | Noticed a brown ugly thing
 10381 | D:9      | Noticed a brown ugly thing
 10382 | D:9      | Found Xaporr's Armour Boutique.
 10390 | D:9      | Bought a +1 helmet of see invisible for 198 gold pieces
 10431 | D:9      | Found a large runed translucent door.
 10432 | D:9      | Found a large runed translucent door.
 11011 | D:9      | Found a stormy altar of Qazlal.
 11011 | D:9      | Found a basalt altar of Yredelemnul.
 11091 | D:9      | Found a shimmering altar of Xom.
 11156 | D:10     | Entered Level 10 of the Dungeon
 11214 | D:10     | Noticed Gastronok
 11231 | D:10     | Reached *** piety under Okawaru
 11238 | D:10     | Killed Gastronok
 11239 | D:10     | Reached skill level 5 in Evocations
 11890 | D:10     | Found a staircase to the Lair.
 12385 | D:11     | Reached skill level 10 in Axes
 12503 | D:11     | Identified the +2 spear of the Mind {freeze, Int+2 Stlth+}
 12677 | D:11     | Noticed a skeletal warrior
 13912 | D:11     | Noticed a two-headed ogre
 13918 | D:11     | Noticed a boulder beetle
 13921 | D:11     | Killed a two-headed ogre
 13922 | D:11     | Reached skill level 10 in Fighting
 13922 | D:11     | Reached skill level 10 in Invocations
 14283 | D:11     | Reached **** piety under Okawaru
 14316 | D:11     | Killed a boulder beetle
 14316 | D:11     | Received a gift from Okawaru
 14317 | D:11     | Reached skill level 5 in Throwing
 14317 | D:11     | Reached XP level 12. HP: 106/106 MP: 13/19
 14494 | D:11     | Noticed a boulder beetle
 14503 | D:11     | Killed a boulder beetle
 14503 | D:11     | Received a gift from Okawaru
 15617 | D:12     | Reached ***** piety under Okawaru
 15622 | D:12     | Received a gift from Okawaru
 15694 | D:12     | Found a staircase to the Orcish Mines.
 16040 | D:12     | Found a portal to a secret trove of treasure.
 16079 | D:12     | Noticed Snorg
 16090 | D:12     | Killed Snorg
 16091 | D:12     | Reached skill level 5 in Dodging
 16098 | D:12     | Noticed a soul eater
 16109 | D:12     | Noticed a soul eater
 16484 | Lair:1   | Entered Level 1 of the Lair of Beasts
 16565 | Lair:1   | Received a gift from Okawaru
 16728 | Lair:1   | Noticed a catoblepas
 16742 | Lair:1   | Killed a catoblepas
 16803 | Lair:1   | Received a gift from Okawaru
 16804 | Lair:1   | Reached XP level 13. HP: 116/116 MP: 21/21
 16903 | Lair:1   | Acquired the ring "Muote" {rF++ Will+ Dex+6}
 16992 | Lair:1   | Received a gift from Okawaru
 16998 | Lair:1   | Acquired 604 gold pieces
 17363 | Lair:2   | Found a staircase to the Swamp.
 18333 | Lair:3   | Found a staircase to the Snake Pit.
 18421 | Lair:3   | Received a gift from Okawaru
 18757 | Lair:3   | Reached XP level 14. HP: 120/127 MP: 20/23
 18805 | Lair:3   | Identified the +7 sling "Akuga" {freeze, Drain rElec rF++
                  | Int+8} (Okawaru gifted it to you on level 3 of the Lair of
                  | Beasts)
 18805 | Lair:3   | Received a gift from Okawaru
 19048 | Lair:4   | Found a frozen archway.
 19086 | IceCv    | Entered an ice cave
 19425 | IceCv    | Reached ****** piety under Okawaru
 19509 | IceCv    | Noticed a frost giant
 19517 | IceCv    | Received a gift from Okawaru
 19538 | IceCv    | Killed a frost giant
 20170 | Lair:4   | Identified the +10 hand axe "Muont" {antimagic, Int+4
                  | Dex+3} (Okawaru gifted it to you on level 4 of the Lair of
                  | Beasts)
 20170 | Lair:4   | Received a gift from Okawaru
 20954 | Lair:5   | Entered Level 5 of the Lair of Beasts
 21143 | Lair:5   | Found a runed translucent door.
 21143 | Lair:5   | Found a viscous altar of Jiyva.
 21144 | Lair:5   | Found a staircase to the Slime Pits.
 21587 | Lair:5   | Received a gift from Okawaru
 21642 | Lair:5   | Reached XP level 15. HP: 136/136 MP: 25/25
 21651 | Lair:5   | Reached skill level 10 in Shields
 21669 | Lair:5   | Identified the -1 hat "Seaff" {Regen+ Int+4} (Okawaru
                  | gifted it to you on level 5 of the Lair of Beasts)
 21669 | Lair:5   | Received a gift from Okawaru
 23059 | D:14     | Found Ygudipha's Jewellery Shop.
 23209 | D:14     | Found a gate to the Vaults.
 23480 | D:14     | Received a gift from Okawaru
 23543 | D:14     | Noticed Josephine
 23560 | D:14     | Killed Josephine
 23754 | D:14     | Acquired 906 gold pieces
 24029 | D:15     | Entered Level 15 of the Dungeon
 24245 | D:15     | Noticed Agnes
 24252 | D:15     | Killed Agnes
 24318 | D:15     | Identified the +1 executioner's axe "Difaopt" {venom,
                  | +Blink rF- rCorr} (Okawaru gifted it to you on level 15 of
                  | the Dungeon)
 24318 | D:15     | Received a gift from Okawaru
 24496 | D:15     | Reached skill level 15 in Axes
 24611 | D:15     | Reached skill level 15 in Invocations
 24611 | D:15     | Reached XP level 16. HP: 137/147 MP: 27/27
 24621 | D:15     | Found a staircase to the Depths.
 24891 | D:15     | Found a runed translucent door.
 24897 | D:15     | Identified Roxanne's Encyclopedia of Variation
 24897 | D:15     | Noticed Roxanne
 24929 | D:15     | Killed Roxanne
 24969 | D:15     | Noticed Xiestris's ghost (journeyman DsGl)
 25247 | Orc:1    | Entered Level 1 of the Orcish Mines
 25247 | Orc:1    | Noticed Fannar
 25258 | Orc:1    | Killed Fannar
 25306 | Orc:2    | Entered Level 2 of the Orcish Mines
 25325 | Orc:2    | Found a staircase to the Elven Halls.
 25374 | Orc:2    | Found a dark tunnel.
 25386 | Volcano  | Entered a volcano
 25570 | Volcano  | Received a gift from Okawaru
 26089 | Orc:2    | Reached skill level 15 in Armour
 26132 | Orc:2    | Received a gift from Okawaru
 26247 | Orc:2    | Found Guvopp's General Store.
 26248 | Orc:2    | Found Saahitaa's Jewellery Shop.
 26250 | Orc:2    | Found Capnaad's Antique Armour Boutique.
 26250 | Orc:2    | Found Dukic's Antique Weapon Boutique.
 26255 | Orc:2    | Bought a runed cloak for 202 gold pieces
 26276 | Orc:2    | Bought a +2 cloak of willpower for 279 gold pieces
 26528 | Orc:1    | Found Geddatoe's Book Boutique.
 26920 | Swamp:1  | Entered Level 1 of the Swamp
 27147 | Swamp:1  | Reached skill level 15 in Fighting
 27151 | Swamp:1  | Identified the +9 dagger "Hinlil" {elec, Dex+6}
 27199 | Swamp:1  | HP: 4/149 [will-o-the-wisp/foxfire (29)]
 27200 | Swamp:1  | Killed from afar by a will-o-the-wisp

Illustrated notes

Levels and vault maps discovered:
D:1:      mrwooster_arrival_statue_2, layout_basic, serial_shops,
          nicolae_shop_hallway_plus
D:2:      layout_basic, patterned_corridor
D:3:      layout_basic, serial_shops, shop, ebering_ghost_disaster_area,
          basic_ecumenical_altar, uniq_sigmund
D:4:      layout_gridville
D:5:      kennysheep_windowed_halls, layout_rooms, minivault_25
D:6:      layout_basic, grunt_decor_arrowhead, minmay_unpleasant_kobolds
D:7:      lemuel_slime, layout_rooms, lemuel_tele_altar, temple_fountains,
          grunt_ministairs_10, guppyfry_early_elven_hall, uniq_joseph,
          uniq_duvessa
D:8:      layout_rooms, grunt_decor_cap, minmay_misc_feat_cross
D:9:      due_chaos_kobolds, layout_basic, mainiacjoe_overflow_divided_tiny,
          serial_shops, shop, amethyst_killhole, uniq_psyche, uniq_amaemon
D:10:     layout_small_grid, lair_entry_dummy, uniq_gastronok
D:11:     layout_basic, grunt_ministairs_15, nooodl_orcs_dogs
D:12:     layout_roguey, hiddenorc2_lemuel, nicolae_trove_entry_crossroad,
          lemuel_flamethrower_2, uniq_snorg
D:13:     layout_roguey
D:14:     layout_basic, grunt_vaults_entry_tiered, serial_shops,
          nicolae_shop_trees, minmay_fire_ice_demons, uniq_josephine
D:15:     grunt_enter_depths_snipers, layout_stronghold,
          ebering_ghost_reflecting_pool, dreamdust_princess_bridge,
          uniq_roxanne, uniq_agnes
Temple:   compressed_dpeg_triangle_lava_temple
Lair:1:   layout_gridlike, st_stairs_8
Lair:2:   layout_loops_ring, swamp_mist_pool, serial_bayou_crossing,
          lemuel_fruit_fields
Lair:3:   layout_loops_ring, guppyfry_snake_entry_island, beast_lair_carwin_9
Lair:4:   layout_gridlike, portal_ice_cave_entry_imps
Lair:5:   evilmike_catoblepas_cave, layout_cave_shapes, slime_entry_2,
          serial_bayou_pond_c, eino_house_with_fridge
Swamp:1:  layout_basic_swamp, evilmike_swamp_ruin_house_5
Orc:1:    layout_caves, serial_shops, nicolae_shop_window_shopping, uniq_fannar
Orc:2:    st_orc_congregation, layout_diamond_mine, enter_volcano_4,
          mines2_lemuel

Skill      XL: |  1  2  3  4  5  6  7  8  9 10 11 12 13 14 15 16 |
---------------+-------------------------------------------------+-----
Invocations    | 1 3 4 5 7 8 10 11 12 13 15 | 15.7
Axes           | 3 4 5 6 7 9 10 11 12 14 15 | 15.8
Fighting       | 4 5 6 7 8 10 11 12 13 14 15 | 15.0
Evocations     | 1 2 3 4 5 6 7 8 |  8.8
Throwing       | 1 2 3 4 5 6 7 8 |  8.1
Armour         | 4 5 6 7 9 10 11 13 14 15 | 15.1
Dodging        | 1 2 3 4 5 6 7 |  7.8
Shields        | 4 5 6 7 9 11 | 11.8

Action                   |  1- 3 |  4- 6 |  7- 9 | 10-12 | 13-15 | 16-18 || total
-------------------------+-------+-------+-------+-------+-------+-------++-------
Melee: War axe           |    86 |    74 |   244 |   327 |       |       ||   731
       Battleaxe         |       |       |       |   318 |   928 |   135 ||  1381
       Unarmed           |       |       |       |     7 |       |       ||     7
       Demon whip        |       |       |       |     2 |    43 |       ||    45
       Executioner's axe |       |       |       |       |    25 |    79 ||   104
       Broad axe         |       |       |       |       |       |    92 ||    92
Throw: Dart              |       |    10 |     4 |    22 |     3 |       ||    39
       Javelin           |       |       |       |    13 |     2 |     9 ||    24
       Boomerang         |       |       |       |    25 |    28 |    39 ||    92
Invok: Heroism           |       |       |       |     6 |     6 |     3 ||    15
       Finesse           |       |       |       |     3 |     2 |     2 ||     7
Evoke: Wand              |       |       |     6 |    16 |     4 |     4 ||    30
       Condenser vane    |       |       |       |     1 |       |     1 ||     2
       Lightning rod     |       |       |       |       |       |     4 ||     4
  Use: Scroll            |    10 |     3 |     6 |    10 |    14 |     2 ||    45
       Potion            |       |     1 |     2 |     3 |       |     2 ||     8
 Stab: Confused          |       |       |       |     1 |       |       ||     1
       Petrified         |       |       |       |       |    11 |       ||    11
       Petrifying        |       |       |       |       |     1 |       ||     1
       Invisible         |       |       |       |       |     2 |       ||     2
Armor: Ring mail         |    29 |       |       |       |       |       ||    29
       Scale mail        |     2 |       |       |       |       |       ||     2
       Chain mail        |     2 |    37 |    58 |       |       |       ||    97
       Plate armour      |       |       |   120 |   591 |   950 |   238 ||  1899
       Skin              |       |       |       |     3 |       |       ||     3
Dodge: Dodged            |    43 |    20 |   111 |   311 |   613 |   123 ||  1221
Block: Buckler           |    20 |    17 |    75 |   110 |       |       ||   222
       Kite shield       |       |       |       |       |       |    74 ||    74
